 Dungeon Crawl Stone Soup version 0.29-a0-668-g12ee2bf84d (console) character file.

Game seed: 7769024472496108220

17 om the Insei (level 2, -2/27 HPs)
             Began as an Octopode Transmuter on June 23, 2022.
             Slain by an iguana (4 damage)
             ... on level 2 of the Dungeon.
             The game lasted 00:01:24 (1042 turns).

om the Insei (Octopode Transmuter)                  Turns: 1042, Time: 00:01:25

Health: -2/27      AC: 21    Str:  9    XL:     2   Next: 62%
Magic:  5/5        EV:  2    Int: 15    God:
Gold:   10         SH:  0    Dex: 12    Spells: 2/5 levels left

rFire   . . .      SeeInvis .     - Unarmed
rCold   . . .      Faith    .   (no shield)
rNeg    . . .      Spirit   .   (helmet currently unavailable)
rPois   +          Reflect  .   (no amulet)
rElec   .          Harm     .   (no ring)
rCorr   .          Rampage  .   (no ring)
Will    .....      NoTele   +   (no ring)
Stlth   +.........              (no ring)
HPRegen 0.09/turn               (no ring)
MPRegen 0.09/turn               (no ring)
                                (no ring)
                                (no ring)

@: tree-form
A: stationary, stasis, torment immunity, boosted hp, almost no armour,
(amphibious), 8 rings, (camouflage 1), (gelatinous body 1), (nimble swimmer 1),
(tentacles)
a: no special abilities


You were on level 2 of the Dungeon.
You were a tree.
You visited 1 branch of the dungeon, and saw 2 of its levels.

You collected 10 gold pieces.

Inventory:

Scrolls
 b - a scroll of identify {unknown}
 e - a scroll of fear {unknown}
 f - a scroll of enchant weapon {unknown}
 g - a scroll of brand weapon {unknown}
 j - a scroll of fog {unknown}
Potions
 c - 2 potions of curing {unknown}
 d - a potion of flight {unknown}
 h - a potion of might {unknown}
 i - a potion of cancellation {unknown}


   Skills:
 + Level 1.0 Fighting
 - Level 2.0 Dodging
 + Level 0.1 Stealth
 * Level 3.9 Unarmed Combat
 - Level 2.0 Spellcasting
 - Level 2.0 Transmutations


You had 2 spell levels left.
You knew the following spells:

 Your Spells              Type           Power      Damage    Failure   Level
a - Beastly Appendage     Tmut           14%        N/A       10%         1
b - Wereblood             Tmut           7%         N/A       14%         2

Your spell library contained the following spells:

 Spells                   Type           Power      Damage    Failure   Level
 Apportation              Tloc           2%         N/A       22%         1
 Necrotize                Necr           4%         1d4       22%         1
 Summon Small Mammal      Summ           4%         N/A       22%         1
 Spider Form              Tmut/Pois      4%         N/A       41%         3
 Ice Form                 Ice/Tmut       4%         N/A       82%         4


Dungeon Overview and Level Annotations

Branches:
Dungeon (2/15)

Altars:


Innate Abilities, Weirdness & Mutations

You are a tree.
Your roots penetrate the ground, keeping you stationary.
You cannot be teleported.
You are immune to unholy pain and torment.
Your maximum health is greatly increased.
You cannot wear most types of armour.
((You are amphibious.))
You can wear up to eight rings at the same time.
((Your skin changes colour to match your surroundings (Stealth+).))
((Your rubbery body absorbs attacks. (AC +1, EV +1)))
((You are camouflaged when in or above water. (Stealth+)))
((You have tentacles for arms and can constrict up to eight enemies at once.))


Message History

Your transformation is almost over.
Magic restored.
A worm comes into view.
A worm is nearby!
You extend your transformation's duration.
An iguana comes into view.
Found 15 gold pieces, 3 stones and a scroll labelled ERONOB ANNYMAT.
You see here a ball python corpse.
You tentacle-slap the worm. You grab the worm.
The worm is moderately wounded.
You constrict the worm.
You tentacle-slap the worm but do no damage.
The worm is moderately wounded.
Your transformation is almost over.
You constrict the worm. The worm closely misses you.
You tentacle-slap the worm but do no damage.
The worm is heavily wounded.
You constrict the worm.
The iguana hisses angrily.
You tentacle-slap the worm but do no damage.
Your tentacle spike misses the worm.
The worm is heavily wounded.
You constrict the worm. The worm bites you!
You tentacle-slap the worm.
You pierce the worm.
You squeeze the worm.
The worm is almost dead.
You constrict the worm. The worm misses you.
You release your grip on the worm.
You see here a ball python corpse.
The iguana attacks as you move away! The iguana bites you!
* * * LOW HITPOINT WARNING * * *
Really quaff the potion of lignification? [Y]es or [N]o only, please.
Really quaff the potion of lignification?
Your tentacle spike disappears.
You turn into a tree.
Your roots penetrate the ground.
The iguana bites you.
* * * LOW HITPOINT WARNING * * *
You smack the iguana!
The iguana is severely wounded.
The iguana bites you.
You die...

### #...........>
##.###..###.##).##
#.#.....# #.##.<#
####...###.#
#.##..# #....[.#
#.# #.##..#
#.##...# #.#
#.##..#
#.########..
......# #.# .. ...
...#..# #.# .#
#.###..##.#
#.####.# .# . #.#
#...♣l.#
#####w.##...
#........#
#w#..###... #.#..#
. .......
........#
...##.##.# ....
?$( .. ##.#. .# ..


You could see a worm and an iguana.

Vanquished Creatures
  3 ball pythons
  A bat (D:1)
  A giant cockroach (D:2)
  2 goblins (D:1)
  4 hobgoblins
  2 kobolds
  A frilled lizard (D:1)
14 creatures vanquished.

Notes
Turn   | Place    | Note
-------+----------+-------------------------------------------
     0 | D:1      | om the Octopode Transmuter began the quest for the Orb.
     0 | D:1      | Reached XP level 1. HP: 13/13 MP: 3/3
   201 | D:1      | Reached XP level 2. HP: 15/18 MP: 3/5
   990 | D:2      | Learned a level 2 spell: Wereblood
  1042 | D:2      | Slain by an iguana

Illustrated notes

Levels and vault maps discovered:
D:1:      spicycebolla_arrival_transporter_tutorial, layout_basic
D:2:      layout_loops_ring, shapermc_ecumenical_altar_acropolis,
          minmay_split_cup_small

Action                   || total
-------------------------++-------
Melee: Unarmed           ||    30
       Constrict         ||     9
       Kick              ||     5
       Tentacles         ||     3
       Punch             ||     1
 Cast: Beastly Appendage ||    14
  Use: Potion            ||     1
 Stab: Sleeping          ||     3
Armor: Skin              ||     1
Dodge: Dodged            ||    11

Table legend: (Time is in decaauts)
 A = Elapsed time spent in this place.
 B = Non-inter-level travel time spent in this place.
 C = Inter-level travel time spent in this place.
 D = Time resting spent in this place.
 E = Time spent auto-exploring this place.
 F = Levels seen in this place.
 G = Mean time per level.
                   A        B        C        D        E       F      G
               +--------+--------+--------+--------+--------+-----+--------+
         Total |   1040 |    919 |    121 |    204 |    554 |   2 |  520.0 |
       Dungeon |   1040 |    919 |    121 |    204 |    554 |   2 |  520.0 |
               +--------+--------+--------+--------+--------+-----+--------+

Top non-repeatable levels by time:
     D:1: 868 daAuts
     D:2: 171 daAuts
